 Dungeon Crawl Stone Soup version 0.18-b1-10-g3f7de93 (webtiles) character file.

42 Freud the Slasher (level 3, 0/27 HPs)
             Began as a Formicid Skald on Apr 29, 2016.
             Slain by an adder (4 damage)
             ... on level 2 of the Dungeon.
             The game lasted 00:11:05 (944 turns).

Freud the Slasher (Formicid Skald)                   Turns: 944, Time: 00:11:06

Health: 0/27       AC: 11    Str: 17    XL:     3   Next: 80%
Magic:  6/6        EV:  5    Int: 11    God:
Gold:   56         SH:  0    Dex: 10    Spells: 2 memorised, 3 levels left

rFire  . . .     SeeInvis +     a - +0 falchion
rCold  . . .     Gourm    .     r - +0 plate armour
rNeg   . . .     Faith    .     (no shield)
rPois  .         Spirit   .     (helmet unavailable)
rElec  .         Dismiss  .     h - +0 cloak
rCorr  .         Reflect  .     (no gloves)
SustAt .         Harm     .     (no boots)
MR     .....                    (no amulet)
Stlth  ..........               (no ring)
                                (no ring)

@: lethally poisoned (0 -> -6), not resistant to hostile enchantments, extremely
unstealthy
A: permanent stasis, dig shafts and tunnels, four strong arms, antennae 3
a: Dig, Shaft Self


You were on level 2 of the Dungeon.
You were not hungry.

You visited 1 branch of the dungeon, and saw 2 of its levels.

You collected 56 gold pieces.

Inventory:

Hand Weapons
 a - a +0 falchion (weapon)
Missiles
 n - 31 stones (quivered)
Armour
 h - a +0 cloak (worn)
 r - a +0 plate armour (worn)
Scrolls
 b - a scroll of magic mapping {unknown}
 f - a scroll of recharging {unknown}
 g - a scroll of enchant armour {unknown}
 i - a scroll of remove curse {unknown}
 k - a scroll of fear {unknown}
 p - a scroll of identify {unknown}
 q - a scroll of noise {unknown}
Potions
 e - a potion of might {unknown}
 j - a potion of berserk rage {unknown}
 m - a potion of lignification {unknown}
 o - a potion of curing {unknown}
Books
 c - a book of Battle

   Spells                             Type                      Level
   a - Infusion                       Charms                       1
   b - Shroud of Golubria             Charms/Translocation         2
   c - Song of Slaying                Charms                       2
   d - Spectral Weapon                Hexes/Charms                 3
   e - Regeneration                   Charms/Necromancy            3
Comestibles
 d - 2 bread rations
 l - a meat ration
 s - a chunk of flesh


   Skills:
 - Level 2.1 Fighting
 + Level 3.8 Long Blades
 - Level 1.1 Armour
 - Level 0.8 Dodging
 - Level 2.1 Spellcasting
 - Level 3.0 Charms


You had 3 spell levels left.
You knew the following spells:

 Your Spells              Type           Power        Failure   Level  Hunger
a - Infusion              Chrm           #...         100%        1    ##.....
b - Shroud of Golubria    Chrm/Tloc      #.........   100%        2    ###....


Dungeon Overview and Level Annotations

Branches:
Dungeon (2/15)

Altars:


Innate Abilities, Weirdness & Mutations

You are under a permanent stasis effect.
You can dig through walls and to a lower floor.
Your four strong arms can wield two-handed weapons with a shield.
You have a pair of large antennae on your head (SInv).


Message History

You are more poisoned.
The adder poisons you!
Your plate armour prevents you from hitting the adder.
The adder is severely wounded.
The adder bites you.
* * * LOW HITPOINT WARNING * * *
You closely miss the adder.
The adder is severely wounded.
* * * LOW HITPOINT WARNING * * *
You feel sick. The adder bites you.
* * * LOW HITPOINT WARNING * * *
The adder barely misses you.
You closely miss the adder.
The adder is severely wounded.
* * * LOW HITPOINT WARNING * * *
You feel sick. The adder bites you but does no damage.
Your plate armour prevents you from hitting the adder.
The adder is severely wounded.
The adder bites you but does no damage. The adder bites you.
You die...

#############
#..........>#
#.#########.#########
#.#.# #..........
#####.#.# ###########
.....#.# ...#.# #
#.#.#########
#.##.#.....@.....#..
.........#.S........
.##.#.†.#.#####..$.{.
.........#.# ....
.....#...#.# .. ##
..###....#.# . {. .
#....#.# .#{###
#....#)######...S<.
#........÷.#....#


You could see an adder.

Vanquished Creatures
  An adder (D:2)
  A dart slug (D:1)
  A ball python (D:1)
  A giant cockroach (D:1)
  4 hobgoblins (D:1)
  A quokka (D:2)
  7 bats
  5 giant newts
  3 goblins
  7 kobolds
  2 rats (D:2)
33 creatures vanquished.

Notes
Turn   | Place    | Note
--------------------------------------------------------------
     0 | D:1      | Freud the Formicid Skald began the quest for the Orb.
     0 | D:1      | Reached XP level 1. HP: 16/16 MP: 3/3
   123 | D:1      | Reached XP level 2. HP: 18/22 MP: 5/5
   152 | D:1      | Learned a level 2 spell: Shroud of Golubria
   447 | D:1      | Reached XP level 3. HP: 26/27 MP: 6/6
   944 | D:2      | Slain by an adder

Skill      XL: |  1  2 |
---------------+-------+-----
Long Blades    | 3 |  3.8
Fighting       | |  2.1
Armour         | |  1.1
Dodging        | |  0.8
Spellcasting   | |  2.1
Charms         | |  3.0

Action                   || total
-------------------------++-------
Melee: Falchion          ||   132
Armor: Leather armour    ||     8
       Chain mail        ||    45
       Plate armour      ||    39
Dodge: Dodged            ||    49
